Map: 暮色之塔

Players

shengy

  • Race: Zerg Zerg
  • League: Platinum

CardioSource - Winner!

  • Race: Zerg Zerg

VOD

Have the link to the VOD?

Description

Time

  • Played on: Dec. 26, 2015, 4:35 p.m.
  • Length: 18:00
Show
View Real Time Build Order
Export as new Build Order

shengy Zerg 

Build Orders: Pool First, Zergling Baneling 

Get SALT Encoding   

  12  0:01  Drone  
  13  0:11  Drone  
  14  0:17  Overlord  
  14  0:36  Drone x3  
  17  0:45  Spawning Pool  
  17  0:48  Drone  
  17  1:00  Drone  
  18  1:15  Hatchery  
  17  1:21  Drone  
  18  1:36  Queen, Extractor  
  18  1:37  Zergling x4  
  21  1:45  Overlord  
  21  1:52  Zergling x2  
  22  2:06  Spine Crawler, Zergling x2  
  22  2:16  Queen  
  24  2:29  Zergling x6  
  27  2:32  Queen  
  29  2:41  Metabolic Boost  
  29  2:58  Overlord  
  29  3:00  Zergling x4  
  29  3:01  Zergling x2  
  26  3:33  Baneling Nest  
  25  3:37  Zergling x8  
  25  3:38  Zergling x6  
  32  3:51  Queen  
  31  4:26  Baneling x4  
  31  4:32  Queen  
  29  4:52  Baneling x5  
  26  5:05  Zergling x2  
  26  5:06  Zergling x12  
  31  5:08  Queen  
  31  5:38  Zergling x8  
  31  5:39  Zergling x2  
  36  5:55  Drone x3  
  39  6:03  Baneling x5  
  39  6:04  Baneling x2  
  39  6:16  Drone x2  
  36  6:43  Baneling x5  
  36  6:54  Drone x3  
  37  6:57  Zergling x4  
  37  6:58  Zergling x2  
  37  7:01  Roach Warren  
  34  7:21  Drone x6  
  39  7:25  Overlord  
  39  7:30  Drone x2  
  39  7:34  Baneling x3  
  41  7:46  Baneling  
  41  7:56  Roach  
  41  7:57  Roach x4  
  51  8:04  Drone  
  52  8:06  Overlord  
  52  8:16  Overlord  
  52  8:23  Overlord  
  52  8:27  Roach x3  
  57  8:44  Roach x2  
  61  8:50  Extractor  
  61  8:51  Extractor, Drone x4  
  61  8:54  Extractor  
  61  9:00  Baneling x2  
  59  9:27  Drone x6  
  59  9:29  Zergling x10  
  59  9:30  Zergling x2  
  71  9:35  Lair  
  71  9:37  Drone x2  
  71  9:38  Drone  
  74  9:40  Drone x2  
  76  9:55  Overlord  
  76  9:56  Overlord x2  
  75  10:27  Extractor  
  74  10:28  Evolution Chamber  
  74  10:29  Hatchery, Evolution Chamber, Overlord  
  74  10:30  Roach  
  74  10:31  Roach x7  
  74  10:33  Extractor, Ravager  
  74  10:34  Ravager x2  
  89  10:35  Ravager  
  89  10:36  Ravager  
  89  10:40  Glial Reconstitution  
  91  10:45  Drone x2  
  91  10:49  Baneling x3  
  93  10:50  Baneling  
  93  11:00  Roach x3  
  99  11:04  Zerg Missile Weapons Level 1  
  98  11:34  Zergling x2, Overlord  
  98  11:35  Zergling x18  
  103  11:46  Hydralisk Den, Zerg Ground Armor Level 1  
  102  11:48  Drone x3  
  102  11:49  Drone  
  102  11:50  Drone x2  
  108  12:02  Drone  
  108  12:03  Drone x5  
  114  12:18  Drone  
  114  12:19  Drone x4  
  114  12:20  Overlord  
  119  12:31  Zergling x4  
  121  12:39  Hatchery  
  120  12:47  Tunneling Claws  
  120  12:49  Infestation Pit  
  120  12:50  Burrow  
  119  12:52  Overlord  
  119  12:54  Overlord  
  117  13:12  Hydralisk  
  117  13:13  Hydralisk x5  
  117  13:17  Muscular Augments  
  117  13:19  Overseer  
  129  13:20  Overseer  
  129  13:21  Overseer  
  129  13:41  Overlord x2  
  129  13:42  Overlord  
  129  13:44  Zerg Ground Armor Level 2  
  129  13:46  Zerg Missile Weapons Level 2  
  129  13:48  Overlord  
  129  13:52  Extractor  
  129  13:54  Extractor  
  127  14:09  Ravager x2  
  130  14:10  Ravager  
  130  14:14  Drone x3  
  130  14:15  Drone x3  
  136  14:17  Hive  
  136  14:31  Queen  
  136  14:35  Overlord  
  138  14:40  Spire  
  137  14:45  Extractor  
  137  14:47  Hatchery, Lurker Den  
  137  14:50  Extractor  
  134  14:58  Queen  
  102  15:30  Queen  
  102  15:33  Roach x9  
  102  15:34  Roach x13  
  134  15:42  Adrenal Glands  
  134  15:49  Ultralisk Cavern  
  133  15:56  Drone  
  133  16:24  Overseer x2  
  133  16:25  Lurker x4  
  83  17:02  Ultralisk x4  
  83  17:03  Ultralisk x2  
  114  17:12  Roach x2  
  114  17:13  Roach  
  120  17:37  Hatchery  
  120  17:41  Extractor  
  120  17:43  Overseer  
  120  17:44  Overseer  
Show
View Real Time Build Order
Export as new Build Order

CardioSource Zerg - Winner!

Build Orders: Pool First, Lurkers, Zergling Baneling 

Get SALT Encoding   

  12  0:00  Drone  
  13  0:08  Drone  
  13  0:13  Extractor  
  13  0:16  Drone  
  14  0:32  Spawning Pool  
  13  0:36  Drone  
  14  0:43  Extractor  
  14  0:44  Drone  
  15  0:52  Overlord  
  15  1:11  Drone x3  
  18  1:19  Metabolic Boost  
  18  1:25  Queen  
  20  1:34  Overlord  
  20  1:42  Zergling x2  
  21  1:47  Zergling x2  
  21  1:51  Baneling Nest  
  21  1:56  Zergling x2  
  22  2:10  Zergling x2  
  23  2:21  Hatchery, Zergling x2  
  23  2:29  Zergling x2  
  24  2:35  Overlord  
  24  2:41  Zergling x6  
  27  2:54  Baneling x2  
  27  2:55  Baneling x2  
  27  3:00  Zergling x2  
  28  3:06  Zergling x6  
  30  3:25  Zergling x4  
  28  3:28  Zergling x2  
  28  3:36  Zergling x6  
  28  3:40  Baneling x2  
  31  3:41  Baneling x2  
  31  3:42  Zergling x2  
  32  3:51  Zergling x2  
  32  3:54  Queen  
  34  4:30  Zergling x10  
  36  4:39  Baneling x4  
  36  4:40  Baneling  
  36  4:42  Zergling x6  
  34  5:02  Zergling x2  
  34  5:03  Zergling x6  
  27  5:29  Zergling x6  
  30  5:43  Baneling x3  
  30  5:44  Baneling x2  
  30  5:50  Drone x3  
  30  5:51  Drone  
  30  5:52  Overlord  
  30  5:53  Overlord  
  34  6:05  Drone  
  34  6:07  Drone x4  
  39  6:16  Baneling x2  
  39  6:18  Baneling  
  39  6:23  Zergling x2  
  39  6:25  Zergling x8  
  39  6:35  Baneling  
  39  6:39  Zergling x2  
  40  6:40  Zergling x6  
  40  6:42  Baneling  
  40  6:46  Baneling  
  40  7:15  Zergling x4  
  34  7:16  Zergling x6  
  34  7:21  Drone x3  
  38  7:29  Lair  
  38  7:35  Drone  
  38  7:36  Drone  
  40  7:39  Drone  
  40  7:41  Hatchery  
  40  7:53  Extractor, Roach Warren  
  40  7:54  Drone  
  40  7:55  Drone  
  40  7:57  Drone x4  
  44  8:10  Extractor  
  44  8:11  Drone, Extractor  
  43  8:14  Drone x3  
  43  8:18  Baneling x4  
  46  8:20  Zergling x2  
  47  8:43  Roach x2  
  47  8:44  Roach  
  53  8:48  Roach  
  53  8:49  Overlord, Roach x2  
  53  8:52  Baneling x2  
  53  8:53  Queen  
  60  9:04  Roach x2  
  63  9:11  Zergling x4  
  63  9:12  Roach  
  67  9:27  Roach x3  
  67  9:31  Overlord x2  
  73  9:51  Drone x3  
  73  9:52  Drone  
  77  9:53  Roach  
  77  9:54  Roach x2  
  77  9:56  Roach x3  
  87  10:08  Roach  
  87  10:11  Overlord x3  
  89  10:18  Ravager  
  89  10:20  Overlord  
  89  10:21  Overlord  
  90  10:36  Hydralisk Den  
  90  10:37  Drone x4  
  90  10:38  Drone x3  
  90  10:39  Overlord x2  
  90  10:42  Drone x2  
  98  10:45  Evolution Chamber  
  98  10:48  Evolution Chamber  
  96  10:56  Roach  
  98  10:59  Ravager x2  
  100  11:05  Hatchery, Hydralisk  
  100  11:06  Hydralisk  
  100  11:07  Hydralisk x3  
  105  11:19  Hydralisk x4  
  113  11:26  Zerg Missile Weapons Level 1  
  113  11:28  Zerg Ground Armor Level 1  
  113  11:34  Drone x2  
  114  11:48  Drone x2  
  114  11:54  Lurker Den  
  116  11:57  Drone x3  
  116  11:59  Drone x3  
  122  12:02  Extractor, Overlord x3  
  122  12:03  Extractor  
  120  12:17  Queen  
  120  12:19  Drone  
  120  12:20  Overseer  
  120  12:21  Pneumatized Carapace  
  123  12:30  Hydralisk x3  
  123  12:31  Hydralisk x3  
  123  12:36  Roach x2  
  139  12:44  Extractor  
  138  12:47  Extractor  
  138  12:49  Drone  
  138  12:50  Drone  
  139  12:52  Roach x2  
  139  12:56  Spore Crawler  
  142  13:15  Drone x3  
  145  13:21  Lurker x2  
  145  13:22  Lurker x6  
  153  13:36  Overlord x4  
  153  13:41  Overseer  
  153  13:43  Overseer  
  153  13:48  Drone x4  
  156  13:49  Hatchery  
  156  13:53  Drone x4  
  160  14:14  Roach x3  
  160  14:15  Roach  
  168  14:20  Zerg Missile Weapons Level 2  
  168  14:21  Zerg Ground Armor Level 2  
  168  14:23  Roach x2  
  168  14:24  Roach x4  
  159  15:41  Roach x5  
  159  15:42  Roach x5  
  179  15:43  Roach x3  
  185  16:31  Queen  
  187  16:45  Ravager x3  
  187  16:46  Ravager x5  
  195  16:53  Hydralisk x2  
  195  16:54  Hydralisk  
  184  16:55  Extractor  
  184  16:56  Hydralisk x6  
  184  17:00  Extractor  
  182  17:10  Lurker x2  
  182  17:11  Lurker x3  
  182  17:14  Roach  
  185  17:19  Infestation Pit  
Tags
 
Add a new tag
Caveats
  • Supply blocks, unpowered buildings, or Contaminate may cause inaccurate times.
  • Supply counts are checked every 10 seconds.